 Dungeon Crawl Stone Soup version 0.24-a0-474-g47c397e050 (webtiles) character file.

Game seed: 12436451200982272561

374874 CandyEater the Earth Mage (level 22, -67/139 HPs)
             Began as a Gargoyle Earth Elementalist on July 4, 2019.
             Was the Champion of Vehumet.
             Killed by Shatter
             ... invoked by CandyEater's illusion
             ... woven by Mara
              (132 damage)
             ... on level 4 of the Vaults on July 5, 2019.
             The game lasted 02:38:12 (54354 turns).

CandyEater the Earth Mage (GrEE)                   Turns: 54354, Time: 02:38:13

Health: -67/139    AC: 28    Str: 13    XL:     22   Next: 75%
Magic:  7/41       EV: 27    Int: 35    God:    Vehumet [******]
Gold:   3112       SH:  0    Dex: 12    Spells: 11/51 levels left

rFire    + . .     SeeInvis +   N - +8 morningstar (holy)
rCold    . . .     Gourm    .   (no shield)
rNeg     + . .     Faith    .   E - +2 robe {Archmagi}
rPois    ∞         Spirit   .   j - +2 hat {Int+3}
rElec    +         Reflect  .   D - +0 cloak of Defence {Int+3 SInv}
rCorr    .         Harm     .   T - +2 pair of gloves
MR       ++...                  t - +0 pair of boots of Autotheism {rF+ Regen+}
Stlth    ++........             a - amulet of magic regeneration
HPRegen  0.73/turn              V - ring of Phasing {EV+8}
MPRegen  0.52/turn              w - ring of Attitude {rPois MR+ Int+4}

@: flying
A: big wings, horns 1, agile 1, deformed body, negative energy resistance 1,
electricity resistance, unbreathing, petrification resistance, rot immunity, AC
+16
}: 2/15 runes: decaying, gossamer
a: Stop Flying, Renounce Religion


You were on level 4 of the Vaults.
You worshipped Vehumet.
Vehumet was exalted by your worship.
You were hungry.

You visited 8 branches of the dungeon, and saw 39 of its levels.

You collected 5819 gold pieces.
You spent 2707 gold pieces at shops.

Inventory:

Hand Weapons
 k - a +1 eveningstar of crushing
 N - a +8 morningstar of holy wrath (weapon)
Missiles
 b - 1088 stones (quivered)
 p - 4 throwing nets
Armour
 j - a +2 hat of intelligence (worn)
 t - the +0 pair of boots of Autotheism (worn) {rF+ Regen+}
   (You bought it in a shop on level 2 of the Orcish Mines)

   It protects you from fire.
   It increases your rate of regeneration.
 D - the +0 cloak of Defence (worn) {Int+3 SInv}
   (You found it on level 3 of the Elven Halls)

   It affects your intelligence (+3).
   It lets you see invisible.
 E - a +2 robe of the Archmagi (worn)
 T - a +2 pair of gloves (worn)
Jewellery
 a - an amulet of magic regeneration (around neck)
 u - an uncursed ring of wizardry
 w - the ring of Attitude (right hand) {rPois MR+ Int+4}
   (You found it on level 10 of the Dungeon)

   [ring of protection from magic]

   It affects your intelligence (+4).
   It protects you from poison.
   It affects your resistance to hostile enchantments.
 Q - the ring of Mistrust {rElec rF+++ MR+ Slay-3}
   (You found it on level 14 of the Dungeon)

   [ring of protection from magic]

   It affects your accuracy and damage with ranged weapons and melee attacks
   (-3).
   It renders you almost immune to fire.
   It insulates you from electricity.
   It affects your resistance to hostile enchantments.
 U - an uncursed ring of resist corrosion
 V - the ring of Phasing (left hand) {EV+8}
   (You bought it in a shop on level 2 of the Orcish Mines)

   [ring of evasion]

   It affects your evasion (+8).
Wands
 l - a wand of clouds (6)
 y - a wand of digging (11)
 z - a wand of acid (10)
 K - a wand of iceblast (19)
 M - a wand of disintegration (2)
Scrolls
 g - 3 scrolls of fear
 h - 25 scrolls of remove curse
 r - 5 scrolls of amnesia
 v - 3 scrolls of blinking
 x - 7 scrolls of identify
 B - 4 scrolls of teleportation
 C - 11 scrolls of fog
 G - a scroll of magic mapping
 O - 2 scrolls of holy word
 R - 3 scrolls of summoning
 Z - 3 scrolls of immolation
Potions
 c - a potion of berserk rage
 e - 4 potions of brilliance
 f - a potion of resistance
 i - a potion of invisibility
 n - 5 potions of heal wounds
 q - 10 potions of curing
 s - 7 potions of might
 A - 8 potions of cancellation
 F - 6 potions of ambrosia
 W - 3 potions of agility
 X - 10 potions of mutation
Miscellaneous
 o - a phial of floods
 H - a lamp of fire (inert)
 I - 2 boxes of beasts
 L - a phantom mirror
Comestibles
 d - 41 rations
 m - 17 chunks of flesh


   Skills:
 + Level 14.9 Fighting
 + Level 13.7 Maces & Flails
 - Level 6.0 Armour
 + Level 12.0 Dodging
 - Level 2.1 Stealth
 * Level 15.3 Spellcasting
 - Level 15.0 Conjurations
   Level 0.7 Transmutations
 * Level 17.2 Fire Magic
 + Level 17.7 Earth Magic
 - Level 6.0 Evocations


You had 11 spell levels left.
You knew the following spells:

 Your Spells              Type           Power        Failure   Level  Hunger
a - Sandblast             Erth           ######       0%          1    None
b - Stone Arrow           Conj/Erth      ######       0%          3    None
c - Lee's Rapid Deconstr  Erth           ########..   1%          5    None
d - Iron Shot             Conj/Erth      ########..   1%          6    #......
e - Bolt of Magma         Conj/Fire/Erth ########..   1%          5    None
f - Bolt of Fire          Conj/Fire      ########..   1%          6    #......
g - Bolt of Draining      Conj/Necr      #######...   1%          5    None
h - Shatter               Erth           ########..   26%         9    #######

Your spell library contained the following spells:

 Spells                   Type           Power        Failure   Level  Hunger
 Fire Storm               Conj/Fire      ########..   43%         9    #######
 Glaciate                 Conj/Ice       #######...   100%        9    #######
 Flame Tongue             Conj/Fire      #####        0%          1    None
 Throw Flame              Conj/Fire      ######       0%          2    None
 Conjure Flame            Conj/Fire      ########     0%          3    None
 Sticky Flame             Conj/Fire      ########     0%          4    None
 Animate Skeleton         Necr           N/A          1%          1    None
 Apportation              Tloc           #####.       1%          1    None
 Confusing Touch          Hex            #####.       1%          1    None
 Freeze                   Ice            ####         1%          1    None
 Pain                     Necr           ####         1%          1    None
 Summon Butterflies       Summ           #####...     1%          1    None
 Summon Small Mammal      Summ           ####         1%          1    None
 Passwall                 Tmut/Erth      #######.     1%          2    None
 Throw Frost              Conj/Ice       ######       1%          2    None
 Ignite Poison            Fire/Tmut/Pois #######.     1%          3    None
 Inner Flame              Hex/Fire       #######.     1%          3    None
 Mephitic Cloud           Conj/Pois/Air  #######.     1%          3    None
 Petrify                  Tmut/Erth      #######.     1%          4    None
 Throw Icicle             Conj/Ice       #######.     1%          4    None
 Borgnjor's Vile Clutch   Necr/Erth      #######...   1%          5    None
 Fireball                 Conj/Fire      ########..   1%          5    None
 Iskenderun's Battlesphe  Conj/Chrm      #######.     1%          5    None
 Venom Bolt               Conj/Pois      #######...   1%          5    None
 Orb of Destruction       Conj           ########..   1%          7    ####...
 Call Imp                 Summ           #####...     2%          2    None
 Corpse Rot               Necr           N/A          2%          2    None
 Poisonous Vapours        Pois/Air       #####.       2%          2    None
 Swiftness                Chrm/Air       #####...     2%          2    None
 Conjure Ball Lightning   Conj/Air       #######...   2%          6    #......
 Call Canine Familiar     Summ           #####...     4%          3    None
 Ozocubu's Armour         Chrm/Ice       #####...     4%          3    None
 Regeneration             Chrm/Necr      #####.....   4%          3    None
 Summon Guardian Golem    Hex/Summ       #####...     4%          3    None
 Vampiric Draining        Necr           #####.....   4%          3    None
 Freezing Cloud           Conj/Ice/Air   #######...   8%          6    #......
 Animate Dead             Necr           N/A          14%         4    None
 Summon Ice Beast         Ice/Summ       #####...     14%         4    None
 Summon Lightning Spire   Summ/Air       #####...     14%         4    None
 Spellforged Servitor     Conj/Summ      #######...   16%         7    ####...
 Ring of Flames           Chrm/Fire      #######...   34%         7    ####...
 Agony                    Necr           #####...     36%         5    None
 Silence                  Hex/Air        #####.....   36%         5    None
 Summon Demon             Summ           #####.....   36%         5    None
 Summon Forest            Summ/Tloc      #####.....   36%         5    None
 Deflect Missiles         Chrm/Air       #####.....   91%         6    #......
 Malign Gateway           Summ/Tloc      #####.....   100%        7    ####...
 Monstrous Menagerie      Summ           #####.....   100%        7    ####...
 Summon Greater Demon     Summ           #####.....   100%        7    ####...
 Summon Horrible Things   Summ           #####.....   100%        8    ######.
 Dragon's Call            Summ           #####.....   100%        9    #######
 Tornado                  Air            #####.....   100%        9    #######
 Sublimation of Blood     Necr           Unusable     N/A         2    N/A

Dungeon Overview and Level Annotations

Branches:
Dungeon (15/15)            Temple (1/1) D:6            Lair (6/6) D:11
  Swamp (4/4) Lair:4       Spider (4/4) Lair:2        Slime (0/5) Lair:6
    Orc (2/2) D:10            Elf (3/3) Orc:2        Vaults (4/5) D:14
  Crypt (0/3) Vaults:3     Depths (0/5) D:15

Altars:
Ashenzari
Cheibriados
Dithmenos
Elyvilon
Fedhas
Gozag
Hepliaklqana
Kikubaaqudgha
Makhleb
Nemelex Xobeh
Okawaru
Qazlal
Ru
Sif Muna
Trog
Uskayaw
Vehumet
Wu Jian
Xom
Yredelemnul
Zin
The Shining One
Jiyva

Shops:
D:5 %   D:12 :   Orc:1 %   Orc:2 }=[[

Portals:
Trove: Vaults:2 (give 12 potions of heal wounds)

Annotations:
Lair:6 1 runed translucent door
Elf:2 3 runed translucent doors
Vaults:4 Mara


Innate Abilities, Weirdness & Mutations

You are resistant to torment.
Your stone body is resilient. (AC +16)
You are immune to poison.
Your large and strong wings let you fly indefinitely.
You resist negative energy. (rN+)
You are resistant to electric shocks. (rElec)
You can survive without breathing.
You are immune to petrification.
You are immune to rotting.
You have a pair of small horns on your head.
You are agile. (Dex +2)
Armour fits poorly on your strangely shaped body.


Message History

Unknown command.
Evoke which item? (* to show all) (? for menu, Esc to quit)
Aiming: Cloud Cone
Press: ? - help, Dir - move target cursor, f/p - Mara
Aim: Mara, wielding a +2 demon blade of flaming and wearing a +1 robe of fire resistance (severely wounded)
You create a blast of freezing vapour!
Mara blinks!
Evoke which item? (* to show all) (? for menu, Esc to quit)
Aim the lamp in which direction?
Press: ? - help, Dir - move target cursor, f/p - Mara
Aim: Mara, wielding a +2 demon blade of flaming and wearing a +1 robe of fire resistance (heavily wounded)
The flames dance!
The trail of fire misses CandyEater's illusion.
You hear a sizzling sound! x2
The trail of fire misses CandyEater's illusion.
You hear a sizzling sound! x2
CandyEater's illusion casts a spell.
The dungeon rumbles around CandyEater's illusion!
You shudder from the earth-shattering force!!!!
Ouch! That really hurt!
You die...

# # # # #
######### #
##.......## #
##...###...##
###....# #....####
##.....###.....#@#
#...........R§§@##
#........§§§..§.#
'.###......§###.#
#.# #.......# #.#
#.# #.......# #.#
#.. ......... ..#
#... ..... ....
##... ###.)...##


You could see Mara and CandyEater's illusion.

Vanquished Creatures
  Bai Suzhen (Swamp:3)
  the Lernaean hydra (Swamp:4)
  Rupert (D:15)
  4 tentacled monstrosities (Elf:3)
  2 deep elf blademasters (Elf:3)
  Asterion (Elf:2)
  2 deep elf master archers (Elf:3)
  A sphinx (Vaults:4)
  Agnes (Vaults:2)
  Kirke (Swamp:3)
  Donald (Vaults:1)
  Gastronok (D:10)
  The ghost of JellyEater the Geomancer, an adept GrEE of Vehumet (Elf:3)
  A tengu reaver (Vaults:2)
  A fire giant (Vaults:3)
  A frost giant (Vaults:3)
  5 ghost moths
  An orc warlord (Orc:1)
  A cacodemon (Elf:3)
  Aizul (Swamp:4)
  6 emperor scorpions
  The ghost of Murumi the Blocker, a journeyman FoFi of Lugonu (Lair:6)
  6 vault wardens
  4 deep elf sorcerers
  A ghoul (Vaults:3)
  8 deep elf elementalists (Elf:3)
  The ghost of CookieEater the Geomancer, a journeyman GrEE of Vehumet (Lair:6)
  8 ironheart preservers
  5 stone giants
  3 vampire knights (Vaults:2)
  An entropy weaver (Vaults:3)
  Nessos (D:14)
  6 deep elf demonologists
  A dire elephant (Lair:6)
  The ghost of OmG the Cleaver, a journeyman DsWn of Uskayaw (Lair:6)
  4 spark wasps
  5 deep elf annihilators
  6 deep elf death magi (Elf:3)
  2 ettins
  A crystal guardian (Vaults:3)
  Snorg (D:10)
  2 fire dragons
  5 yaktaur captains
  5 great orbs of eyes
  3 rakshasas
  7 vault guards
  Erolcha (D:11)
  12 ogre magi
  22 hydras
  4 deep elf high priests (Elf:3)
  Fannar (D:12)
  3 shambling mangroves (Swamp:1)
  A catoblepas (Lair:6)
  An ice dragon (Vaults:1)
  4 death knights
  10 centaur warriors
  37 two-headed ogres
  2 ghost crabs
  13 dancing weapons
  6 death yaks (Lair:6)
  12 alligators
  An orc high priest (Elf:2)
  8 death scarabs (Spider:4)
  A deep troll earth mage (Vaults:2)
  12 deep elf knights
  Urug (D:11)
  Nergalle (Lair:1)
  A spectral emperor scorpion (Spider:4)
  A small abomination (Elf:3)
  3 skeletal warriors (Vaults:2)
  2 shadow wraiths (Vaults:3)
  5 unseen horrors
  7 deep trolls
  A spriggan druid (Swamp:4)
  11 ironbrand convokers
  3 wizards
  A deep troll (shapeshifter) (Elf:3)
  26 deep elf archers
  A phantasmal warrior (Vaults:3)
  4 lindwurms (Lair:6)
  17 swamp dragons
  13 harpies
  Pikel (D:5)
  13 orc knights
  2 spectral wolf spiders (Spider:4)
  An orb spider (shapeshifter) (Elf:3)
  2 necromancers
  4 orc sorcerers
  4 oklob plants (Lair:2)
  A stone giant zombie (Vaults:1)
  18 orb spiders
  27 ugly things
  35 wolf spiders
  53 deep elf magi
  A salamander (shapeshifter) (Vaults:1)
  2 manticores (Lair:6)
  3 cyclopes
  4 wolf spider zombies
  2 elephants (Lair:6)
  Maurice (Orc:2)
  A faun (shapeshifter) (Elf:1)
  5 moths of wrath
  An elephant (shapeshifter) (Vaults:1)
  4 black mambas
  6 vault sentinels
  6 torpor snails
  2 gargoyles
  2 spiny frogs (shapeshifter)
  22 spiny frogs
  3 rime drakes
  2 spectral redbacks (Spider:4)
  A komodo dragon (shapeshifter) (Vaults:1)
  A kobold demonologist (D:11)
  9 demonic crawlers
  11 komodo dragons
  A freezing wraith (Vaults:2)
  19 yaktaurs
  3 polar bears
  28 hornets
  A tengu simulacrum (Vaults:1)
  A hornet (shapeshifter) (D:14)
  12 tyrant leeches
  A meliai (D:15)
  11 trolls
  42 jumping spiders
  Grinder (D:5)
  A wind drake (shapeshifter) (Vaults:3)
  2 spectral jumping spiders (Spider:4)
  3 spectral tarantellas (Spider:4)
  A polar bear (shapeshifter) (D:13)
  3 jumping spider zombies (Spider:4)
  A raiju (shapeshifter) (Elf:1)
  7 dream sheep
  A sphinx simulacrum (Vaults:1)
  15 blink frogs
  13 bog bodies
  10 hippogriffs
  5 tarantella zombies (Spider:4)
  18 slime creatures
  Sigmund (D:3)
  4 shadows
  3 water elementals
  35 yaks
  59 redbacks
  7 spriggans
  4 wraiths
  37 tarantellas
  9 basilisks
  A vampire (D:14)
  3 wyverns
  Grum (D:11)
  3 fire elementals
  4 hungry ghosts
  A hog (shapeshifter) (Vaults:3)
  9 large abominations (Elf:3)
  A yaktaur simulacrum (Vaults:3)
  A soldier ant (D:11)
  25 vampire mosquitoes
  10 insubstantial wisps
  14 wargs
  19 swamp worms
  A warg (shapeshifter) (Elf:3)
  Duvessa (D:6)
  An acid dragon (Vaults:1)
  2 porcupines
  9 swamp drakes
  3 spectral hornets (Spider:4)
  8 water moccasins
  A black bear (D:8)
  5 sky beasts
  2 slaves (D:5)
  5 ice beasts
  5 phantoms
  44 orc warriors
  A black bear (shapeshifter) (Vaults:2)
  55 ogres
  14 wolves
  2 human skeletons (Vaults:1)
  A crocodile (shapeshifter) (Vaults:3)
  18 centaurs
  12 crocodiles
  A human zombie (Vaults:1)
  4 big kobolds
  A big kobold (shapeshifter) (Elf:3)
  19 bullfrogs
  A water moccasin zombie (D:6)
  Blork the orc (D:5)
  2 earth elementals (Elf:2)
  A gnoll sergeant (D:10)
  Dowan (D:6)
  A wyvern skeleton (D:14)
  2 scorpions
  A killer bee (shapeshifter) (Elf:3)
  A human simulacrum (Vaults:1)
  7 killer bees
  29 wights
  7 howler monkeys
  6 electric eels (D:10)
  4 crimson imps
  A wyvern simulacrum (D:14)
  3 centaur zombies
  6 hounds
  A quasit (D:9)
  A bullfrog zombie (D:11)
  3 jellies (D:9)
  Crazy Yiuf (D:6)
  4 bullfrog skeletons
  13 orc priests
  6 iguanas
  25 orc wizards
  6 centaur skeletons
  Ijyb (D:3)
  9 worker ants
  2 killer bee zombies
  2 bullfrog simulacra
  A centaur simulacrum (D:10)
  A hound zombie (D:5)
  2 hound skeletons
  A howler monkey zombie (D:7)
  11 adders
  11 gnolls
  A river rat (shapeshifter) (Elf:3)
  An adder (shapeshifter) (Elf:3)
  3 shadow imps
  2 ufetubi (D:10)
  5 oozes (D:9)
  2 adder skeletons (D:5)
  5 worms
  2 dart slugs
  4 leopard geckos
  105 orcs
  8 giant cockroaches
  4 goblins
  5 hobgoblins
  12 jackals
  6 quokkas
  3 bats
  5 frilled lizards
  20 kobolds
  A quokka skeleton (D:6)
  10 rats
  A bush (Swamp:4)
  4 crawling corpses (Elf:3)
  2 fungi
1674 creatures vanquished.

Vanquished Creatures (collateral kills)
  Harold (D:10)
  2 wolf spiders (Spider:3)
  A deep elf mage (Elf:2)
  A spiny frog (Swamp:3)
  A redback (Spider:3)
  A black bear (D:10)
  2 ogres
  A bullfrog (D:15)
  A big kobold (D:10)
  3 gnoll sergeants (D:10)
  2 killer bees (D:10)
  An orc (Orc:1)
17 creatures vanquished.

Vanquished Creatures (others)
  A tarantella (Spider:4)
  3 humans (Swamp:3)
  A vampire mosquito (Swamp:1)
  2 orc wizards
  An iguana (D:5)
  A worker ant (D:5)
  2 orcs
  22 fungi
  21 plants
  4 withered plants (Lair:6)
58 creatures vanquished.

Grand Total: 1749 creatures vanquished

Notes
Turn   | Place    | Note
-------+----------+-------------------------------------------
     0 | D:1      | CandyEater the Gargoyle Earth Elementalist began the quest
                  | for the Orb.
     0 | D:1      | Reached XP level 1. HP: 10/10 MP: 3/3
   278 | D:1      | Reached XP level 2. HP: 14/15 MP: 3/5
   718 | D:1      | Reached XP level 3. HP: 16/19 MP: 7/7
   723 | D:1      | Learned a level 3 spell: Stone Arrow
  2064 | D:3      | Noticed Sigmund
  2069 | D:3      | Killed Sigmund
  2069 | D:3      | Reached skill level 5 in Earth Magic
  2069 | D:3      | Reached XP level 4. HP: 18/24 MP: 3/9
  2069 | D:3      | Reached XP level 5. HP: 22/28 MP: 3/10
  2153 | D:3      | Learned a level 5 spell: Lee's Rapid Deconstruction
  2233 | D:3      | Reached XP level 6. HP: 32/32 MP: 8/11
  2253 | D:3      | Noticed Ijyb
  2268 | D:3      | Killed Ijyb
  3630 | D:4      | Reached XP level 7. HP: 36/36 MP: 8/13
  4297 | D:5      | Entered Level 5 of the Dungeon
  4634 | D:5      | Noticed Pikel
  4654 | D:5      | Killed Pikel
  4654 | D:5      | Reached skill level 5 in Spellcasting
  4654 | D:5      | Reached skill level 5 in Conjurations
  4654 | D:5      | Reached XP level 8. HP: 10/41 MP: 0/16
  4929 | D:5      | Noticed Grinder
  4933 | D:5      | Paralysed by Grinder for 6 turns
  4939 | D:5      | Killed Grinder
  5064 | D:5      | Noticed Blork the orc
  5066 | D:5      | Killed Blork the orc
  5348 | D:5      | Found Jinylulle's Food Boutique.
  5839 | D:5      | Found a shattered altar of Ashenzari.
  6125 | D:6      | Reached XP level 9. HP: 35/45 MP: 9/18
  6418 | D:6      | Noticed Dowan
  6431 | D:6      | Killed Dowan
  6563 | D:6      | Found a staircase to the Ecumenical Temple.
  6578 | Temple   | Entered the Ecumenical Temple
  7067 | D:6      | Found a runed translucent door.
  7068 | D:6      | Noticed Crazy Yiuf
  7073 | D:6      | Killed Crazy Yiuf
  7266 | D:6      | Reached skill level 1 in Armour
  7434 | D:6      | Gained mutation: Scrolls take you a little longer to read.
                  | [potion of mutation]
  7434 | D:6      | Gained mutation: You have sharp toenails. [potion of
                  | mutation]
  7434 | D:6      | Gained mutation: Your movements are slightly less
                  | encumbered by armour. (ER -2) [potion of mutation]
  7443 | D:6      | Reached skill level 1 in Fighting
  7554 | D:6      | Noticed Duvessa
  7564 | D:6      | Killed Duvessa
  7564 | D:6      | Reached skill level 1 in Maces & Flails
  8102 | D:7      | Reached skill level 1 in Evocations
  8471 | D:7      | Noticed a two-headed ogre
  8474 | D:7      | Killed a two-headed ogre
  8499 | D:7      | Found an opulent altar of Gozag.
  8693 | D:7      | Reached XP level 10. HP: 49/54 MP: 14/20
  9146 | D:8      | Noticed a two-headed ogre
  9153 | D:8      | Killed a two-headed ogre
  9788 | D:8      | Found a sacrificial altar of Ru.
  9838 | D:8      | Found a radiant altar of Vehumet.
  9845 | D:8      | Found a blossoming altar of Fedhas.
  9852 | D:8      | Became a worshipper of Vehumet
 10327 | D:9      | Reached skill level 10 in Earth Magic
 10823 | D:10     | Entered Level 10 of the Dungeon
 10823 | D:10     | Noticed Snorg
 10838 | D:10     | Killed Snorg
 10838 | D:10     | Reached XP level 11. HP: 42/62 MP: 3/22
 11433 | D:10     | Reached * piety under Vehumet
 11433 | D:10     | Offered knowledge of Sting by Vehumet.
 11817 | D:10     | Got a heavily runed wooden ring
 11819 | D:10     | Identified the ring of Attitude {rPois MR+ Int+4} (You
                  | found it on level 10 of the Dungeon)
 11989 | D:10     | Noticed Harold
 11992 | D:10     | Found a staircase to the Orcish Mines.
 12013 | D:10     | Killed Harold
 12027 | D:10     | Reached skill level 5 in Armour
 12301 | D:10     | Reached skill level 5 in Fighting
 12439 | D:10     | Reached ** piety under Vehumet
 12439 | D:10     | Offered knowledge of Shock by Vehumet.
 12891 | D:10     | Noticed Gastronok
 12898 | D:10     | Killed Gastronok
 13243 | D:11     | Noticed Erolcha
 13246 | D:11     | Killed Erolcha
 13246 | D:11     | Reached skill level 5 in Maces & Flails
 13246 | D:11     | Reached XP level 12. HP: 68/68 MP: 11/24
 13297 | D:11     | Noticed Urug
 13318 | D:11     | Noticed a fire dragon
 13335 | D:11     | Killed a fire dragon
 13335 | D:11     | Reached skill level 5 in Evocations
 13557 | D:11     | Killed Urug
 13642 | D:11     | Offered knowledge of Inner Flame by Vehumet.
 13769 | D:11     | Reached skill level 5 in Dodging
 13899 | D:11     | Reached *** piety under Vehumet
 14024 | D:11     | Noticed Grum
 14028 | D:11     | Killed Grum
 14039 | D:11     | Found a staircase to the Lair.
 14056 | D:11     | Noticed a seven-headed hydra
 14062 | D:11     | Killed a seven-headed hydra
 14229 | D:11     | Noticed a two-headed ogre
 14232 | D:11     | Killed a two-headed ogre
 14402 | D:11     | Offered knowledge of Mephitic Cloud by Vehumet.
 15156 | D:12     | Found Oletz's Book Shoppe.
 15202 | D:12     | Bought a book of Power for 675 gold pieces
 15209 | D:12     | Learned a level 6 spell: Iron Shot
 15215 | D:12     | Learned a level 5 spell: Bolt of Magma
 15335 | D:12     | Noticed Fannar
 15349 | D:12     | Killed Fannar
 15354 | D:12     | Reached skill level 1 in Fire Magic
 15364 | D:12     | Reached **** piety under Vehumet
 16075 | D:13     | Noticed a five-headed hydra
 16076 | D:13     | Reached skill level 10 in Conjurations
 16076 | D:13     | Reached XP level 13. HP: 76/76 MP: 18/25
 16154 | D:13     | Offered knowledge of Static Discharge by Vehumet.
 16181 | D:13     | Identified the ring "Uhegiul" {Str+4 Stlth-}
 17362 | D:14     | Noticed a rakshasa
 17371 | D:14     | Killed a rakshasa
 17470 | D:14     | Found a gate to the Vaults.
 17476 | D:14     | Reached ***** piety under Vehumet
 17738 | D:14     | Noticed Nessos
 17740 | D:14     | Killed Nessos
 17912 | D:14     | Lost mutation: Scrolls take you a little longer to read.
                  | [potion of mutation]
 17912 | D:14     | Lost mutation: Your movements are slightly less encumbered
                  | by armour. (ER -2) [potion of mutation]
 17912 | D:14     | Lost mutation: You have sharp toenails. [potion of
                  | mutation]
 17912 | D:14     | Gained mutation: You are agile. (Dex +2) [potion of
                  | mutation]
 17912 | D:14     | Gained mutation: You have a pair of small horns on your
                  | head. [potion of mutation]
 18288 | Lair:1   | Entered Level 1 of the Lair of Beasts
 18308 | Lair:1   | Noticed Nergalle
 18318 | Lair:1   | Killed Nergalle
 18318 | Lair:1   | Reached skill level 5 in Fire Magic
 18736 | Lair:1   | Offered knowledge of Bolt of Draining by Vehumet.
 18743 | Lair:1   | Learned a level 5 spell: Bolt of Draining
 19685 | Lair:2   | Found a hole to the Spider Nest.
 19986 | Lair:2   | Gained mutation: Your large and strong wings let you fly
                  | indefinitely. [Gargoyle growth]
 19986 | Lair:2   | Reached XP level 14. HP: 84/84 MP: 14/27
 20454 | Lair:2   | Identified the Tome of Poisonous Feathers
 21544 | D:14     | Got a fine steel ring
 21545 | D:14     | Identified the ring of Mistrust {rElec rF+++ MR+ Slay-3}
                  | (You found it on level 14 of the Dungeon)
 21571 | D:14     | Identified the +1 shield "Yqican" {+Blink rF+ MP+9 Str+3}
                  | (You found it on level 14 of the Dungeon)
 22988 | Lair:4   | Found a staircase to the Swamp.
 23514 | Lair:5   | Reached skill level 10 in Spellcasting
 23908 | Lair:6   | Entered Level 6 of the Lair of Beasts
 24284 | Lair:6   | Noticed a dire elephant
 24296 | Lair:6   | Offered knowledge of Poison Arrow by Vehumet.
 24445 | Lair:6   | Learned a level 6 spell: Poison Arrow
 24695 | Lair:6   | Reached XP level 15. HP: 71/90 MP: 25/29
 24775 | Lair:6   | Found a runed translucent gate.
 24775 | Lair:6   | Found a runed translucent gate.
 24775 | Lair:6   | Found a runed translucent gate.
 24775 | Lair:6   | Noticed Murumi's ghost (journeyman FoFi)
 24776 | Lair:6   | Noticed CookieEater's ghost (journeyman GrEE)
 24776 | Lair:6   | Noticed OmG's ghost (journeyman DsWn)
 24945 | Lair:6   | Found a runed translucent door.
 26081 | Lair:6   | Found a runed translucent door.
 26081 | Lair:6   | Noticed an azure jelly
 26082 | Lair:6   | Found a viscous altar of Jiyva.
 26082 | Lair:6   | Found a staircase to the Slime Pits.
 26082 | Lair:6   | Noticed an azure jelly
 26082 | Lair:6   | Noticed an azure jelly
 26442 | Lair:6   | Killed OmG's ghost
 26443 | Lair:6   | Killed CookieEater's ghost
 26509 | Lair:6   | Killed Murumi's ghost
 26574 | Lair:6   | Got a brightly glowing glass ring
 26575 | Lair:6   | Identified the ring of Caiz {Fire rElec MR+} (You found it
                  | on level 6 of the Lair of Beasts)
 26723 | Orc:1    | Entered Level 1 of the Orcish Mines
 26724 | Orc:1    | Noticed an orc warlord
 26796 | Orc:1    | Killed an orc warlord
 27181 | Orc:2    | Entered Level 2 of the Orcish Mines
 27235 | Orc:2    | Offered knowledge of Bolt of Fire by Vehumet.
 27327 | Orc:2    | Learned a level 6 spell: Bolt of Fire
 27780 | Orc:1    | Noticed Maurice
 27795 | Orc:2    | Killed Maurice
 27987 | Orc:1    | Found Faageug's Food Shop.
 28713 | Orc:2    | Found a staircase to the Elven Halls.
 28803 | Orc:2    | Reached skill level 10 in Fighting
 28803 | Orc:2    | Reached XP level 16. HP: 60/97 MP: 30/30
 28803 | Orc:2    | Reached skill level 10 in Fire Magic
 29055 | Orc:2    | Found Leiluos's Armour Shoppe.
 29055 | Orc:2    | Found Lyrchuro's Armour Boutique.
 29057 | Orc:2    | Found Ikoachio's Gadget Shop.
 29057 | Orc:2    | Found Omu Gil's Jewellery Shoppe.
 29069 | Orc:2    | Bought the +0 pair of boots of Autotheism {rF+ Regen+} for
                  | 240 gold pieces
 29077 | Orc:2    | Bought the ring of Phasing {EV+8} for 1792 gold pieces
 29077 | Orc:2    | Found the ring of Phasing {EV+8}
 29766 | D:15     | Entered Level 15 of the Dungeon
 29780 | D:15     | Offered knowledge of Irradiate by Vehumet.
 29782 | D:15     | Noticed Rupert
 30128 | D:15     | Killed Rupert
 30528 | D:15     | Found a staircase to the Depths.
 31363 | Elf:1    | Entered Level 1 of the Elven Halls
 31459 | Elf:1    | Found a radiant altar of Vehumet.
 31535 | Elf:1    | Reached skill level 10 in Maces & Flails
 32280 | Elf:1    | Reached XP level 17. HP: 84/104 MP: 13/32
 32458 | Elf:1    | Reached ****** piety under Vehumet
 33046 | Elf:2    | Noticed Asterion
 33113 | Elf:2    | Killed Asterion
 33113 | Elf:2    | Offered knowledge of Bolt of Cold by Vehumet.
 33260 | Elf:2    | Noticed an Ice Fiend
 33478 | Elf:2    | Found a runed translucent gate.
 33478 | Elf:2    | Found a runed translucent gate.
 33478 | Elf:2    | Found a runed translucent gate.
 33961 | Elf:3    | Entered Level 3 of the Elven Halls
 34339 | Elf:3    | Found a runed translucent gate.
 34340 | Elf:3    | Found a runed translucent gate.
 34341 | Elf:3    | Found a runed translucent gate.
 34343 | Elf:3    | Noticed a tentacled monstrosity
 34344 | Elf:3    | Noticed a tentacled monstrosity
 34344 | Elf:3    | Noticed a tentacled monstrosity
 35045 | Elf:3    | Noticed a tentacled monstrosity
 35046 | Elf:3    | Killed a tentacled monstrosity
 35046 | Elf:3    | Killed a tentacled monstrosity
 35049 | Elf:3    | Killed a tentacled monstrosity
 35139 | Elf:3    | Killed a tentacled monstrosity
 35198 | Elf:3    | Found a runed translucent gate.
 35198 | Elf:3    | Found a runed translucent gate.
 35212 | Elf:3    | Found a runed translucent gate.
 35220 | Elf:3    | Noticed JellyEater's ghost (adept GrEE)
 35243 | Elf:3    | Killed JellyEater's ghost
 35643 | Elf:3    | Got a blackened cloak
 35645 | Elf:3    | Identified the cursed +0 cloak of Defence {Int+3 SInv} (You
                  | found it on level 3 of the Elven Halls)
 36522 | Elf:3    | Reached XP level 18. HP: 111/111 MP: 23/33
 36526 | Elf:3    | Noticed a deep elf blademaster
 36527 | Elf:3    | Noticed a deep elf blademaster
 36528 | Elf:3    | Killed a deep elf blademaster
 36532 | Elf:3    | Killed a deep elf blademaster
 36532 | Elf:3    | Reached skill level 15 in Earth Magic
 36535 | Elf:3    | Noticed a deep elf master archer
 36537 | Elf:3    | Offered knowledge of Ozocubu's Refrigeration by Vehumet.
 36542 | Elf:3    | Noticed a deep elf master archer
 36543 | Elf:3    | Killed a deep elf master archer
 36547 | Elf:3    | Killed a deep elf master archer
 36649 | Elf:3    | Noticed a Brimstone Fiend
 36832 | Elf:3    | Identified the +2 buckler of the Comet {+Fly rC- Int+2
                  | Dex+3} (You found it on level 3 of the Elven Halls)
 36884 | Elf:3    | Identified the Papyrus of Companions
 36910 | Elf:3    | Got a fine turquoise ring
 36911 | Elf:3    | Identified the ring of Dogma {*Contam rC++ MP+9} (You found
                  | it on level 3 of the Elven Halls)
 37057 | Elf:3    | Found the +5 robe of Night {Dark MR+ SInv}
 37085 | Elf:3    | Identified the Volume of the Frigorific Mountains
 37100 | Elf:3    | Identified the Handbook of Black Magic
 37554 | Swamp:1  | Entered Level 1 of the Swamp
 37812 | Swamp:1  | Reached skill level 10 in Dodging
 38137 | Swamp:1  | Offered knowledge of Ozocubu's Refrigeration by Vehumet.
 38687 | Swamp:2  | Reached XP level 19. HP: 117/117 MP: 23/35
 39567 | Swamp:3  | Noticed Bai Suzhen
 39597 | Swamp:3  | Killed Bai Suzhen
 39701 | Swamp:3  | Noticed Kirke
 39713 | Swamp:3  | Killed Kirke
 40537 | Swamp:4  | Entered Level 4 of the Swamp
 40544 | Swamp:4  | Noticed Aizul
 40678 | Swamp:4  | Offered knowledge of Fire Storm by Vehumet.
 40678 | Swamp:4  | Offered knowledge of Glaciate by Vehumet.
 40678 | Swamp:4  | Offered knowledge of Shatter by Vehumet.
 41278 | Swamp:4  | Noticed the 27-headed Lernaean hydra
 41419 | Swamp:4  | Killed the 27-headed Lernaean hydra
 41439 | Swamp:4  | Got a decaying rune of Zot
 41542 | Swamp:4  | Killed Aizul
 42198 | Spider:1 | Entered Level 1 of the Spider Nest
 43014 | Spider:2 | Reached XP level 20. HP: 124/124 MP: 29/36
 43027 | Spider:2 | Upgraded the game from 0.24-a0-464-g6b2be6b8c7 to
                  | 0.24-a0-474-g47c397e050
 44655 | Spider:3 | Reached skill level 15 in Fire Magic
 46123 | Spider:4 | Entered Level 4 of the Spider Nest
 46436 | Spider:4 | Learned a level 9 spell: Shatter
 46961 | Spider:4 | Reached skill level 15 in Conjurations
 47106 | Spider:4 | Gained mutation: Armour fits poorly on your strangely
                  | shaped body. [mutagenic glow]
 47546 | Spider:4 | Got a gossamer rune of Zot
 47955 | Vaults:1 | Entered Level 1 of the Vaults
 48132 | Vaults:1 | Reached XP level 21. HP: 131/131 MP: 31/38
 48717 | Vaults:1 | Noticed Donald
 48721 | Vaults:1 | Killed Donald
 49573 | Vaults:2 | Found a portal to a secret trove of treasure.
 49936 | Vaults:2 | Noticed Agnes
 49952 | Vaults:2 | Killed Agnes
 51539 | Vaults:2 | Reached XP level 22. HP: 138/138 MP: 29/40
 52192 | Vaults:3 | Paralysed by a great orb of eyes for 3 turns
 52455 | Vaults:3 | Reached skill level 15 in Spellcasting
 52726 | Vaults:3 | Found a staircase to the Crypt.
 54033 | Vaults:4 | Noticed Mara
 54034 | Vaults:4 | Noticed CandyEater's illusion
 54342 | Vaults:4 | Noticed CandyEater's illusion
 54347 | Vaults:4 | HP: 6/139 [CandyEater's illusion/Shatter[Mara] (110)]
 54354 | Vaults:4 | Killed from afar by CandyEater's illusion

Levels and vault maps discovered:
D:1:      dpeg_arrival_prison, layout_rooms, minmay_misc_feat_iff
D:2:      layout_loops_corners, first_ration, nrook_uturn
D:3:      minmay_skewed_foursquare, layout_basic, uniq_sigmund, uniq_ijyb
D:4:      layout_cave_pools
D:5:      layout_layer_cave, serial_shops, shop_statue, basic_altar,
          uniq_grinder, uniq_blork_the_orc, uniq_pikel
D:6:      layout_layer_cave, minmay_temple_entry_offerings, uniq_duvessa,
          uniq_crazy_yiuf_cottage
D:7:      layout_gridville, grunt_gozag_statues
D:8:      layout_loops_cross, minmay_overflow_temple_star_quad
D:9:      layout_cave_pools, hangedman_little_slice_of_home
D:10:     layout_basic, kennysheep_orc_monster_closet_entryway, serial_ice,
          serial_ice_m, serial_ice_e, serial_ice_f, serial_ice_h, uniq_harold,
          uniq_snorg, uniq_gastronok
D:11:     layout_stronghold, minmay_lair_entry_lava, hangedman_weighted_door,
          uniq_grum, uniq_urug, uniq_erolcha
D:12:     layout_loops_ring, serial_shops, nicolae_shop_statue_plus,
          grunt_decor_resistance, uniq_fannar
D:13:     layout_cave_pools, lemuel_flamethrower_3
D:14:     layout_loops_corners, david_vaults_1, serial_park_tiny_2,
          evilmike_minifort, uniq_nessos
D:15:     grunt_enter_depths_snipers, layout_irregular_city,
          serial_bayou_pond_d, minmay_diced_spiral, uniq_rupert
Temple:   dpeg_five_rooms_temple
Lair:1:   layout_regular_city, serial_bayou_shore_b, uniq_nergalle
Lair:2:   layout_gridlike, spider_nest_entry_rubble, lemuel_another_geyser,
          minmay_lair_oklob_chamber
Lair:3:   layout_regular_city
Lair:4:   layout_regular_city, minmay_swamp_entry_swarm,
          infiniplex_staircase_pool
Lair:5:   layout_misc_corridors
Lair:6:   hangedman_lair_in_review, layout_concentric_octagons, wormcave,
          slime_altar_2, gammafunk_ghost_cemetery
Swamp:1:  layout_basic_swamp, nicolae_swamp_treefoil,
          nicolae_swamp_trees_clearing
Swamp:2:  layout_basic_swamp, evilmike_swamp_ruin_house_1, swamp_pool3
Swamp:3:  layout_falls_marsh, nicolae_swamp_very_dense_foliage, uniq_bai_suzhen,
          uniq_kirke
Swamp:4:  grunt_swamp_rune_castle, layout_basic_swamp, uniq_aizul
Spider:1: layout_spider_delve
Spider:2: layout_chambers
Spider:3: layout_chambers
Spider:4: floodkiller_spider_rune_tomb
Orc:1:    layout_caves, serial_shops, shop, uniq_maurice
Orc:2:    st_orc_ogre_mass, layout_caves
Elf:1:    eino_elf_arrival_altar, layout_loops_corners, hangedman_elf_represent
Elf:2:    layout_gridlike, uniq_asterion, uniq_nikola, uniq_jorgrun
Elf:3:    elf_hall, layout_geoelf_castle,
          ploomutoo_gammafunk_ghost_potion_laboratory
Vaults:1: v_misc_29, v_misc_16, vaults_mumra_chevron_long,
          nicolae_vaults_ninety_degrees, v_misc_4, grunt_vaults_hallway_long,
          layout_vaults_chaotic_city, uniq_donald
Vaults:2: v_misc_14, grunt_vaults_hallway_short, ontoclasm_vaults_eye,
          sword_in_stone, v_pattern_4, v_misc_2, nicolae_vaults_border_crossing,
          layout_vaults_quadrants, enter_trove_5
Vaults:3: nicolae_vaults_network_quincunx
          [nicolae_vaults_network_quincunx_subvault,
          nicolae_vaults_network_quincunx_subvault,
          nicolae_vaults_network_quincunx_subvault,
          nicolae_vaults_network_quincunx_subvault,
          nicolae_vaults_network_quincunx_subvault], ontoclasm_vaults_pinch,
          vaults_mumra_hexcomb, v_misc_33, hangedman_vaults_pinch,
          minmay_crypt_entry_simple_statues, grunt_vaults_trifunnel,
          nicolae_vaults_little_squares_6, nicolae_vaults_three_branches,
          nicolae_vaults_little_squares_6, nicolae_vaults_diagonal_hallway_9,
          v_misc_25, vaults_dpeg_ring, grunt_vaults_hallway_long,
          layout_vaults_big_cross
Vaults:4: v_misc_9, grunt_vaults_twisty, vaults_room_octagon, vaults_dpeg_doors,
          vaults_dpeg_hooks, v_rooms_1, st_cells, v_misc_24, v_misc_3,
          ontoclasm_vaults_decontamination, ontoclasm_vaults_tryst, v_misc_26,
          v_rooms_5, nicolae_vaults_little_squares_2, vaults_room_door_ring,
          nicolae_vaults_little_squares_6, layout_vaults_ring, uniq_mara

Skill      XL: |  1  2  3  4  5  6  7  8  9 10 11 12 13 14 15 16 17 18 19 20 21 22 |
---------------+-------------------------------------------------------------------+-----
Earth Magic    | 4 5 6 7 8 9 10 11 12 13 14 15 16 17 | 17.7
Spellcasting   | 3 4 5 6 7 8 9 10 11 12 13 14 15 | 15.3
Conjurations   | 2 3 5 6 7 8 9 10 11 12 13 14 15 | 15.0
Armour         | 2 4 5 6 |  6.0
Fighting       | 2 4 5 7 8 9 10 11 12 13 14 | 14.9
Maces & Flails | 2 3 5 6 7 8 9 10 11 12 13 | 13.7
Dodging        | 2 3 4 5 6 7 8 9 10 11 12 | 12.0
Evocations     | 2 3 4 5 6 |  6.0
Fire Magic     | 1 5 8 9 11 12 13 14 15 16 17 | 17.2
Stealth        | |  2.1
Transmutations | |  0.7

Action                   |  1- 3 |  4- 6 |  7- 9 | 10-12 | 13-15 | 16-18 | 19-21 | 22-24 || total
-------------------------+-------+-------+-------+-------+-------+-------+-------+-------++-------
Melee: Unarmed           |    21 |       |       |       |       |       |       |       ||    21
       Whip              |    81 |   104 |       |       |       |       |       |       ||   185
       Flail             |       |     5 |   237 |   397 |   255 |       |       |       ||   894
       Kick              |       |       |    12 |    65 |    32 |       |       |       ||   109
       Morningstar       |       |       |       |       |   566 |   327 |   625 |   168 ||  1686
       Headbutt          |       |       |       |       |   101 |    58 |   117 |    38 ||   314
Throw: Throwing net      |       |       |       |       |       |       |       |     3 ||     3
 Cast: Sandblast         |    27 |    60 |    45 |    81 |    58 |    42 |    31 |       ||   344
       Lee's Rapid Decon |       |     1 |     8 |    89 |    77 |    94 |   123 |    71 ||   463
       Stone Arrow       |       |       |    12 |    11 |       |       |       |       ||    23
       Iron Shot         |       |       |       |     1 |    88 |    89 |   229 |     8 ||   415
       Bolt of Magma     |       |       |       |       |    10 |       |     2 |       ||    12
       Bolt of Fire      |       |       |       |       |     9 |    85 |   134 |    27 ||   255
       Bolt of Draining  |       |       |       |       |     5 |       |       |       ||     5
       Shatter           |       |       |       |       |       |       |     9 |       ||     9
 Abil: Fly               |       |       |       |       |     1 |       |       |       ||     1
Evoke: Wand              |       |       |     4 |    11 |    13 |     7 |    13 |     4 ||    52
       Phial of floods   |       |       |       |       |     1 |     2 |     3 |       ||     6
       Lamp of fire      |       |       |       |       |       |       |     2 |     1 ||     3
  Use: Scroll            |     5 |     1 |     8 |    12 |    18 |    17 |     8 |     1 ||    70
       Potion            |       |       |     1 |     4 |     4 |     1 |     4 |     4 ||    18
 Stab: Sleeping          |     1 |     1 |     4 |     2 |     1 |     2 |       |       ||    11
       Invisible         |       |       |       |       |     2 |       |       |       ||     2
  Eat: Ration            |     1 |       |     1 |     4 |     5 |     7 |    13 |       ||    31
       Chunk             |       |     6 |    15 |    31 |    61 |    48 |    43 |     9 ||   213
Armor: Robe              |    35 |    72 |   132 |   320 |   555 |   158 |   438 |    44 ||  1754
       Skin              |       |       |       |       |     2 |       |       |       ||     2
Dodge: Dodged            |    77 |   117 |   202 |   487 |   856 |   507 |  1488 |   198 ||  3932

Table legend:
 A = Non-vault XP
 B = Vault XP
 C = Vault XP percentage of total XP
 D = Non-vault monster count
 E = Vault monster count
 F = Vault count percentage of total count
                 A         B        C        D         E       F
            +---------+---------+-------+---------+---------+-------
      Total |  395891 |  283795 |  41.8 |    1218 |     466 |  27.7
            +---------+---------+-------+---------+---------+-------
        D:1 |      30 |       6 |  16.7 |      19 |       4 |  17.4
        D:2 |      35 |       0 |   0.0 |       9 |       0 |   0.0
        D:3 |     191 |     296 |  60.8 |      33 |       8 |  19.5
        D:4 |     235 |       0 |   0.0 |      19 |       0 |   0.0
        D:5 |     303 |    1008 |  76.9 |      17 |       3 |  15.0
        D:6 |     947 |     267 |  22.0 |      20 |       3 |  13.0
        D:7 |    1824 |       0 |   0.0 |      18 |       0 |   0.0
        D:8 |    2305 |       0 |   0.0 |      26 |       0 |   0.0
        D:9 |    1250 |     160 |  11.3 |      16 |       8 |  33.3
       D:10 |    3823 |    5659 |  59.7 |      46 |      31 |  40.3
       D:11 |    7034 |    3699 |  34.5 |      44 |      13 |  22.8
       D:12 |    2434 |     965 |  28.4 |      26 |       1 |   3.7
       D:13 |    5932 |       0 |   0.0 |      41 |       0 |   0.0
       D:14 |    6611 |    7497 |  53.1 |      24 |      19 |  44.2
       D:15 |   12160 |    7644 |  38.6 |      37 |       8 |  17.8
     Lair:1 |    2660 |     812 |  23.4 |      12 |       1 |   7.7
     Lair:2 |    5425 |    4225 |  43.8 |      26 |       8 |  23.5
     Lair:3 |    1560 |       0 |   0.0 |       7 |       0 |   0.0
     Lair:4 |    3138 |     726 |  18.8 |      13 |       4 |  23.5
     Lair:5 |    5518 |       0 |   0.0 |      20 |       0 |   0.0
     Lair:6 |   12666 |   23924 |  65.4 |      42 |      43 |  50.6
    Swamp:1 |   19573 |       0 |   0.0 |      52 |       0 |   0.0
    Swamp:2 |    9043 |       0 |   0.0 |      19 |       0 |   0.0
    Swamp:3 |    9936 |    8270 |  45.4 |      27 |       3 |  10.0
    Swamp:4 |   13720 |   22948 |  62.6 |      35 |      34 |  49.3
   Spider:1 |   10817 |       0 |   0.0 |      31 |       0 |   0.0
   Spider:2 |   26211 |       0 |   0.0 |      73 |       0 |   0.0
   Spider:3 |   25105 |       0 |   0.0 |      59 |       0 |   0.0
   Spider:4 |   11301 |   36633 |  76.4 |      25 |      71 |  74.0
      Orc:1 |    3569 |       0 |   0.0 |      30 |       0 |   0.0
      Orc:2 |    2971 |   18683 |  86.3 |      47 |      42 |  47.2
      Elf:1 |   17849 |   11060 |  38.3 |      29 |      16 |  35.6
      Elf:2 |   19550 |    4397 |  18.4 |      38 |       3 |   7.3
      Elf:3 |   23527 |   61810 |  72.4 |      31 |      49 |  61.2
   Vaults:1 |   24654 |    5584 |  18.5 |      50 |       8 |  13.8
   Vaults:2 |   45825 |   31378 |  40.6 |      78 |      44 |  36.1
   Vaults:3 |   38549 |   21034 |  35.3 |      55 |      26 |  32.1
   Vaults:4 |   17610 |    5110 |  22.5 |      24 |      16 |  40.0
            +---------+---------+-------+---------+---------+-------
